 Dungeon Crawl Stone Soup version 0.24-a0-584-g9d6b971ae4 (webtiles) character file.

Game seed: 596473348094787348, levelgen mode: deterministic

74 Gynju the Magician (level 4, -1/24 HPs)
             Began as a Deep Elf Wizard on Sept 4, 2019.
             Slain by an ogre
             ... wielding a cursed -1 giant spiked club
              (25 damage)
             ... on level 2 of the Dungeon.
             The game lasted 00:02:35 (3223 turns).

Gynju the Magician (Deep Elf Wizard)                Turns: 3223, Time: 00:02:35

Health: -1/24      AC:  2    Str:  4    XL:     4   Next: 9%
Magic:  9/13       EV: 13    Int: 24    God:
Gold:   72         SH:  0    Dex: 13    Spells: 9/14 levels left

rFire    . . .     SeeInvis .   h - +0 mace
rCold    . . .     Gourm    .   (no shield)
rNeg     . . .     Faith    .   a - +0 robe
rPois    .         Spirit   .   b - +0 hat
rElec    .         Reflect  .   (no cloak)
rCorr    .         Harm     .   (no gloves)
MR       .....                  (no boots)
Stlth    ++........             (no amulet)
HPRegen  0.08/turn              (no ring)
MPRegen  0.13/turn              (no ring)

@: no status effects
A: no striking features
a: no special abilities


You were on level 2 of the Dungeon.
You were not hungry.

You visited 1 branch of the dungeon, and saw 3 of its levels.

You collected 72 gold pieces.

Inventory:

Hand Weapons
 h - a +0 mace (weapon)
Armour
 a - a +0 robe (worn)
 b - a +0 hat (worn)
Jewellery
 f - an uncursed amulet of regeneration {unknown}
Scrolls
 c - 2 scrolls of teleportation {unknown}
 i - 2 scrolls of identify {unknown}
 l - 4 scrolls of remove curse {unknown}
 m - 2 scrolls of random uselessness {unknown}
Potions
 e - a potion of agility {unknown}
 g - 3 potions of curing {unknown}
 j - 2 potions of flight {unknown}
 n - a potion of might {unknown}
 o - a potion of degeneration {unknown}
Comestibles
 d - 5 rations


   Skills:
 - Level 2.4 Dodging
 - Level 2.4 Stealth
 + Level 5.7 Spellcasting
 + Level 3.1 Conjurations
 - Level 1.1 Summonings
 - Level 1.1 Translocations


You had 9 spell levels left.
You knew the following spells:

 Your Spells              Type           Power        Failure   Level  Hunger
a - Magic Dart            Conj           ###.         2%          1    None
b - Blink                 Tloc           N/A          8%          2    None
c - Call Imp              Summ           ##......     8%          2    None

Your spell library contained the following spells:

 Spells                   Type           Power        Failure   Level  Hunger
 Slow                     Hex            #.......     12%         2    None
 Conjure Flame            Conj/Fire      ##......     13%         3    #......
 Mephitic Cloud           Conj/Pois/Air  ##......     16%         3    #......


Dungeon Overview and Level Annotations

Branches:
Dungeon (3/15)

Altars:


Message History

The magic dart hits the ogre.
The ogre is lightly wounded.
The ogre shouts!
The orc shouts!
The ogre closely misses you.
You climb upwards.
There is a stone staircase leading down here.
There is an open door here.
Casting: Magic Dart (safe; 2% risk of failure)
Confirm with . or Enter, or press ? or * to list all spells.
A beastly little devil appears in a puff of frigid air.
The ogre misses you.
Your white imp gestures at the ogre.
The puff of frost hits the ogre.
There is an open door here.
Casting: Call Imp (safe; 8% risk of failure)
Confirm with . or Enter, or press ? or * to list all spells.
A beastly little devil appears in a puff of flame.
The ogre hits you with a cursed -1 giant spiked club!!
Ouch! That really hurt!
You die...

####### #.....# ####### #.....#
#.....# #.....# #.....#
#.....###########
#.....#####...............##
#...(.'.5.O@..............+.
#.....#####...............#.
#.....# #..5............#.
#.....#####...............#.
#.....##.##.......#########.
#.....##..........# #.
######.....##.##.......#########.
........>......................'.
.#######.####.#........#########.


You could see an ogre, a friendly crimson imp and a friendly white imp.

Vanquished Creatures
  An adder (D:2)
  An ooze (D:2)
  A worm (D:2)
  A dart slug (D:1)
  A leopard gecko (D:2)
  3 giant cockroaches
  4 hobgoblins
  4 jackals (D:2)
  2 ball pythons
  7 bats
  5 frilled lizards
  3 goblins
  6 kobolds
  6 rats
45 creatures vanquished.

Vanquished Creatures (collateral kills)
  An adder (D:2)
  A bat (D:2)
  A hobgoblin (D:2)
  2 jackals (D:2)
5 creatures vanquished.

Grand Total: 50 creatures vanquished

Notes
Turn   | Place    | Note
-------+----------+-------------------------------------------
     0 | D:1      | Gynju the Deep Elf Wizard began the quest for the Orb.
     0 | D:1      | Reached XP level 1. HP: 10/10 MP: 7/7
   552 | D:1      | Reached XP level 2. HP: 15/15 MP: 4/9
  1471 | D:1      | Learned a level 2 spell: Blink
  1474 | D:1      | Learned a level 2 spell: Call Imp
  1509 | D:2      | Reached skill level 5 in Spellcasting
  1652 | D:2      | Reached XP level 3. HP: 19/19 MP: 9/11
  2797 | D:2      | Reached XP level 4. HP: 24/24 MP: 7/13
  3206 | D:3      | Noticed an ogre
  3223 | D:2      | Slain by an ogre

Levels and vault maps discovered:
D:1:      dpeg_arrival_round_c, layout_basic, minmay_misc_feat_encased,
          st_stairs_10
D:2:      layout_basic, first_ration, minmay_misc_feat_rugged,
          minmay_octomino_e4
D:3:      gammafunk_wand_slinger, layout_basic, chequers_ecumenical_altar_grove,
          uniq_sigmund, uniq_crazy_yiuf_cottage, uniq_ijyb

Skill      XL: |  1  2  3 |
---------------+----------+-----
Conjurations   | 2 3 |  3.1
Spellcasting   | 5 |  5.7
Dodging        | |  2.4
Stealth        | |  2.4
Summonings     | |  1.1
Translocations | |  1.1

Action                   |  1- 3 |  4- 6 || total
-------------------------+-------+-------++-------
Melee: Mace              |     7 |       ||     7
 Cast: Magic Dart        |    86 |    10 ||    96
       Call Imp          |     2 |     2 ||     4
  Eat: Chunk             |     5 |     2 ||     7
Armor: Robe              |     2 |       ||     2
Dodge: Dodged            |    33 |     2 ||    35

Table legend:
 A = Non-vault XP
 B = Vault XP
 C = Vault XP percentage of total XP
 D = Non-vault monster count
 E = Vault monster count
 F = Vault count percentage of total count
                 A         B        C        D         E       F
            +---------+---------+-------+---------+---------+-------
      Total |      94 |      12 |  11.3 |      45 |       5 |  10.0
            +---------+---------+-------+---------+---------+-------
        D:1 |      13 |       8 |  38.1 |      11 |       3 |  21.4
        D:2 |      81 |       4 |   4.7 |      34 |       2 |   5.6
            +---------+---------+-------+---------+---------+-------
